ITL
TOPEKA TORNADOS @ BIRMINGHAM BARONS
04/21/2026
 
TOP OF THE 1ST
Topeka Tornados batting - Pitching for Birmingham Barons : RHP Jorge Salazar
Pitching: RHP Jorge Salazar
Batting: RHB José Pinto 0-0: Called Strike
0-1: Swinging Strike
0-2: Ball
1-2: Ball
2-2: SINGLE (Flyball, 8RS)
Batting: RHB Bob Hall 0-0: Called Strike
0-1: Ball
1-1: Reached on error, E1 (Groundball, 13S)
José Pinto to second
Batting: LHB Yoshiaki Ohayashi 0-0: Called Strike
0-1: Foul Ball, location: 2F
0-2: Foul Ball, location: 2F
0-2: Strikes out swinging
Batting: LHB Ryan Drake 0-0: Called Strike
0-1: Ball
1-1: Foul Ball, location: 2F
1-2: Ball
2-2: Ball
3-2: Strikes out swinging
Batting: RHB Cho-yun Qiao 0-0: Called Strike
0-1: Called Strike
0-2: Ball
1-2: Foul Ball, location: 2F
1-2: Ball
2-2: Foul Ball, location: 2F
2-2: Foul Ball, location: 2F
2-2: Strikes out swinging
Top of the 1st over - 0 run(s), 1 hit(s), 1 error(s), 2 left on base; Topeka 0 - Birmingham 0
BOTTOM OF THE 1ST
Birmingham Barons batting - Pitching for Topeka Tornados : RHP Clark Edwards
Pitching: RHP Clark Edwards
Batting: SHB Anastasio Ortíz 0-0: Foul Ball, location: 2F
0-1: Swinging Strike
0-2: Ground out 3-1 (Groundball, 34)
Batting: RHB Vicente Elías 0-0: Ball
1-0: Ball
2-0: Ball
3-0: Base on Balls
Batting: RHB Dave Dawson 0-0: SINGLE (Line Drive, 4MD)
Vicente Elías to second
Batting: RHB Todd Rogers 0-0: Ball
1-0: Ball
2-0: Ball
3-0: Called Strike
3-1: Called Strike
3-2: Fielders Choice at 2nd, 1-6 (Groundball, 13S)
Vicente Elías to third
Batting: RHB Manny Sánchez 0-0: Called Strike
0-1: Reached on error, E4 (Groundball, 4)
Vicente Elías scores
Todd Rogers to second
Batting: RHB Juan Jiménez 0-0: Ball
1-0: Ball
2-0: Ball
3-0: Called Strike
3-1: Base on Balls
Todd Rogers to third
Manny Sánchez to second
Batting: LHB José Hernández 0-0: Ball
1-0: Foul Ball, location: 2F
1-1: Ball
2-1: Foul Ball, location: 2F
2-2: SINGLE (Flyball, 8LS)
Todd Rogers scores
Manny Sánchez to third
Juan Jiménez to second
Runner from 3rd tries for Home, SAFE, no throw or cutoff
Batting: LHB Ben Kelley 0-0: Called Strike
0-1: Ball
1-1: Foul Ball, location: 2F
1-2: Foul Ball, location: 2F
1-2: Ball
2-2: DOUBLE (Line Drive, 7LS)
Juan Jiménez scores
José Hernández to third
Runner from 3rd tries for Home, SAFE, no throw or cutoff
Batting: LHB Curt Causton 0-0: Ball
1-0: Foul Ball, location: 2F
1-1: Called Strike
1-2: Strikes out swinging
Bottom of the 1st over - 5 run(s), 3 hit(s), 1 error(s), 1 left on base; Topeka 0 - Birmingham 5
TOP OF THE 2ND
Topeka Tornados batting - Pitching for Birmingham Barons : RHP Jorge Salazar
Batting: LHB Aurelio Torrez 0-0: DOUBLE (Flyball, 89XD)
Batting: RHB Matt Perkins 0-0: Foul Ball, location: 2F
0-1: Ball
1-1: Foul Ball, location: 2F
1-2: Strikes out looking
Batting: LHB Pedro Cruz 0-0: Called Strike
Aurelio Torrez is caught stealing 3rd base
0-1: Fly out, F7 (Flyball, 7LM)
Top of the 2nd over - 0 run(s), 1 hit(s), 0 error(s), 0 left on base; Topeka 0 - Birmingham 5
BOTTOM OF THE 2ND
Birmingham Barons batting - Pitching for Topeka Tornados : RHP Clark Edwards
Batting: SHB Anastasio Ortíz 0-0: Ball
1-0: Called Strike
1-1: SINGLE (Groundball, 25) (infield hit)
Batting: RHB Vicente Elías 0-0: Ball
1-0: Ball
2-0: Called Strike
2-1: Foul Ball, location: 2F
2-2: SINGLE (Groundball, 6)
Anastasio Ortíz to second
Batting: RHB Dave Dawson 0-0: Called Strike
0-1: 3-RUN HOME RUN (Flyball, 8LXD), Distance : 436 ft
Batting: RHB Todd Rogers 0-0: Ball
1-0: Ball
2-0: Swinging Strike
2-1: Swinging Strike
2-2: Ball
3-2: DOUBLE (Groundball, 5L)
Pitching: RHP Larry Jones
Batting: RHB Manny Sánchez 0-0: Ball
1-0: Ball
Wild Pitch!
Todd Rogers to third
2-0: Fly out, F8 (Line Drive, 8LM)
Runner from 3rd tags up, SCORES, throw made
Batting: RHB Juan Jiménez 0-0: Called Strike
0-1: Swinging Strike
0-2: Ball
1-2: Ball
2-2: Reached on error, E6 (Groundball, 6)
Batting: LHB José Hernández 0-0: Ball
1-0: Ball
2-0: Fly out, F7 (Flyball, 7D)
Batting: LHB Ben Kelley 0-0: Ball
1-0: Fly out, F7 (Flyball, 7LS)
Bottom of the 2nd over - 4 run(s), 4 hit(s), 1 error(s), 1 left on base; Topeka 0 - Birmingham 9
TOP OF THE 3RD
Topeka Tornados batting - Pitching for Birmingham Barons : RHP Jorge Salazar
Batting: RHB Will Sterling 0-0: Called Strike
0-1: Swinging Strike
0-2: Ball
1-2: Foul Ball, location: 2F
1-2: Ball
2-2: Foul Ball, location: 2F
2-2: SINGLE (Groundball, 25) (infield hit)
Batting: RHB José Pinto 0-0: Ball
1-0: Ground out 5-3 (Groundball, 15S)
Will Sterling to second
Batting: RHB Bob Hall 0-0: Ball
1-0: Foul Ball, location: 2F
1-1: Swinging Strike
1-2: Strikes out swinging
Batting: LHB Yoshiaki Ohayashi 0-0: Called Strike
0-1: Fly out, F5 (Popup, 5SF)
Top of the 3rd over - 0 run(s), 1 hit(s), 0 error(s), 1 left on base; Topeka 0 - Birmingham 9
BOTTOM OF THE 3RD
Birmingham Barons batting - Pitching for Topeka Tornados : RHP Larry Jones
Batting: LHB Curt Causton 0-0: SINGLE (Groundball, 34D) (infield hit)
Batting: SHB Anastasio Ortíz 0-0: Ball
1-0: SINGLE (Line Drive, 34D)
Curt Causton to second
Batting: RHB Vicente Elías 0-0: Called Strike
0-1: Foul Ball, location: 2F
0-2: Strikes out swinging
Batting: RHB Dave Dawson 0-0: Ball
1-0: Ball
2-0: Ball
3-0: Base on Balls
Curt Causton to third
Anastasio Ortíz to second
Batting: RHB Todd Rogers 0-0: Called Strike
0-1: Called Strike
0-2: Ball
1-2: Ball
2-2: Foul Ball, location: 2F
2-2: Strikes out swinging
Batting: RHB Manny Sánchez 0-0: Called Strike
0-1: Called Strike
0-2: Ball
1-2: Strikes out swinging
Bottom of the 3rd over - 0 run(s), 2 hit(s), 0 error(s), 3 left on base; Topeka 0 - Birmingham 9
TOP OF THE 4TH
Topeka Tornados batting - Pitching for Birmingham Barons : RHP Jorge Salazar
Batting: LHB Ryan Drake 0-0: Ball
1-0: Foul Ball, location: 2F
1-1: Ball
2-1: SINGLE (Line Drive, 89S)
Pitching: LHP Manuel Soto
Batting: RHB Cho-yun Qiao 0-0: Foul Ball, location: 2F
0-1: SINGLE (Flyball, 78S)
Ryan Drake to second
Batting: LHB Aurelio Torrez 0-0: Called Strike
0-1: Ball
1-1: Foul Ball, location: 2F
1-2: Ball
2-2: Ground out 4-3 (Groundball, 4M)
Ryan Drake to third
Cho-yun Qiao to second
Batting: RHB Matt Perkins 0-0: Called Strike
0-1: Ball
1-1: Foul Ball, location: 2F
1-2: Strikes out swinging
Batting: LHB Pedro Cruz 0-0: Called Strike
0-1: Called Strike
0-2: Ball
1-2: Ball
2-2: Fly out, F8 (Flyball, 8RM)
Top of the 4th over - 0 run(s), 2 hit(s), 0 error(s), 2 left on base; Topeka 0 - Birmingham 9
BOTTOM OF THE 4TH
Birmingham Barons batting - Pitching for Topeka Tornados : RHP Larry Jones
Batting: RHB Juan Jiménez 0-0: Ball
1-0: Foul Ball, location: 2F
1-1: Called Strike
1-2: Ball
2-2: Ball
3-2: SINGLE (Line Drive, 78S)
Batting: LHB José Hernández 0-0: Grounds into double play, 3-6-3 (Groundball, 34)
Batting: LHB Ben Kelley 0-0: Ball
1-0: Ball
2-0: Ball
3-0: Base on Balls
Batting: LHB Curt Causton 0-0: Called Strike
Ben Kelley steals 2nd base
0-1: Ball
1-1: Foul Ball, location: 2F
1-2: Ground out 4-3 (Groundball, 4M)
Bottom of the 4th over - 0 run(s), 1 hit(s), 0 error(s), 1 left on base; Topeka 0 - Birmingham 9
TOP OF THE 5TH
Topeka Tornados batting - Pitching for Birmingham Barons : LHP Manuel Soto
Batting: RHB Will Sterling 0-0: Ball
1-0: Ball
2-0: Ground out 6-3 (Groundball, 6M)
Batting: RHB José Pinto 0-0: Ball
1-0: Ball
2-0: Called Strike
2-1: Foul Ball, location: 2F
2-2: Ball
3-2: Base on Balls
Batting: RHB Bob Hall 0-0: Grounds into double play, 6-4-3 (Groundball, 6M)
Top of the 5th over - 0 run(s), 0 hit(s), 0 error(s), 0 left on base; Topeka 0 - Birmingham 9
BOTTOM OF THE 5TH
Birmingham Barons batting - Pitching for Topeka Tornados : RHP Larry Jones
Batting: SHB Anastasio Ortíz 0-0: Ball
1-0: Ball
2-0: Ground out 1-3 (Groundball, 15S)
Pitching: RHP Alberto Ortega
Batting: RHB Vicente Elías 0-0: Called Strike
0-1: Ball
1-1: Foul Ball, location: 2F
1-2: Fly out, F9 (Flyball, 9S)
Batting: RHB Dave Dawson 0-0: Ball
1-0: Called Strike
1-1: DOUBLE (Line Drive, 8RM) - OUT at third base trying to stretch hit.
Bottom of the 5th over - 0 run(s), 1 hit(s), 0 error(s), 0 left on base; Topeka 0 - Birmingham 9
TOP OF THE 6TH
Topeka Tornados batting - Pitching for Birmingham Barons : LHP Manuel Soto
Batting: LHB Yoshiaki Ohayashi 0-0: SINGLE (Groundball, 56D)
Pitching: RHP Pedro Valdés
Batting: LHB Ryan Drake 0-0: Ball
1-0: Ball
2-0: Foul Ball, location: 2F
2-1: Fly out, F8 (Line Drive, 8RM)
Batting: RHB Cho-yun Qiao 0-0: Fly out, F9 (Flyball, 9D)
Batting: LHB Aurelio Torrez 0-0: Ball
1-0: Called Strike
1-1: Fielders Choice at 2nd, 5-4 (Groundball, 56)
Top of the 6th over - 0 run(s), 1 hit(s), 0 error(s), 0 left on base; Topeka 0 - Birmingham 9
BOTTOM OF THE 6TH
Birmingham Barons batting - Pitching for Topeka Tornados : RHP Alberto Ortega
Batting: RHB Todd Rogers 0-0: Ball
1-0: Swinging Strike
1-1: Ground out 4-3 (Groundball, 4)
Batting: RHB Manny Sánchez 0-0: Ball
1-0: Ball
2-0: Called Strike
2-1: Ball
3-1: Foul Ball, location: 2F
3-2: Foul Ball, location: 2F
3-2: Foul Ball, location: 2F
3-2: Ground out 6-3 (Groundball, 6)
Batting: RHB Juan Jiménez 0-0: SINGLE (Line Drive, 7LS)
Batting: LHB José Hernández 0-0: Swinging Strike
0-1: Foul Ball, location: 2F
0-2: Ball
1-2: Ball
Passed Ball!
Juan Jiménez to second
2-2: Fly out, F8 (Flyball, 8RD)
Bottom of the 6th over - 0 run(s), 1 hit(s), 0 error(s), 1 left on base; Topeka 0 - Birmingham 9
TOP OF THE 7TH
Topeka Tornados batting - Pitching for Birmingham Barons : RHP Pedro Valdés
Batting: RHB Matt Perkins 0-0: Ball
1-0: Foul Ball, location: 2F
1-1: Ball
2-1: Called Strike
2-2: Foul Ball, location: 2F
2-2: Strikes out swinging
Batting: LHB Pedro Cruz 0-0: Called Strike
0-1: Called Strike
0-2: Ground out 4-3 (Groundball, 34)
Batting: RHB Will Sterling 0-0: Called Strike
0-1: Swinging Strike
0-2: Ball
1-2: Ball
2-2: Ball
3-2: Fly out, F9 (Flyball, 9LMF)
Top of the 7th over - 0 run(s), 0 hit(s), 0 error(s), 0 left on base; Topeka 0 - Birmingham 9
BOTTOM OF THE 7TH
Birmingham Barons batting - Pitching for Topeka Tornados : RHP Alberto Ortega
Batting: LHB Ben Kelley 0-0: Ground out U3 (Groundball, 3L)
Pitching: RHP Reginaldo Coscia
Batting: LHB Curt Causton 0-0: Ball
1-0: Called Strike
1-1: Foul Ball, location: 2F
1-2: Strikes out swinging
Batting: SHB Anastasio Ortíz 0-0: Ground out 4-3 (Groundball, 4)
Bottom of the 7th over - 0 run(s), 0 hit(s), 0 error(s), 0 left on base; Topeka 0 - Birmingham 9
TOP OF THE 8TH
Topeka Tornados batting - Pitching for Birmingham Barons : RHP Pedro Valdés
Pinch Hitting: LHB Morgan Wright 0-0: Ball
1-0: SINGLE (Line Drive, 8RS)
Batting: RHB Bob Hall 0-0: Called Strike
0-1: Swinging Strike
0-2: Ball
1-2: Strikes out swinging
Pitching: RHP Jim Hicks
Batting: LHB Yoshiaki Ohayashi 0-0: Fly out, F9 (Line Drive, 9M)
Batting: LHB Ryan Drake 0-0: Swinging Strike
0-1: Ground out 4-3 (Groundball, 34)
Top of the 8th over - 0 run(s), 1 hit(s), 0 error(s), 1 left on base; Topeka 0 - Birmingham 9
BOTTOM OF THE 8TH
Birmingham Barons batting - Pitching for Topeka Tornados : RHP Reginaldo Coscia
Now at 1B: Morgan Wright
Batting: RHB Vicente Elías 0-0: Ball
1-0: Ball
2-0: Called Strike
2-1: Foul Ball, location: 2F
2-2: Foul Ball, location: 2F
2-2: Strikes out swinging
Batting: RHB Dave Dawson 0-0: Ball
1-0: Ball
2-0: Foul Ball, location: 2F
2-1: SINGLE (Line Drive, 6MD)
Batting: RHB Todd Rogers 0-0: Ball
1-0: Foul Ball, location: 2F
1-1: Ball
2-1: Swinging Strike
2-2: Ball
3-2: Foul Ball, location: 2F
3-2: Foul Ball, location: 2F
3-2: SINGLE (Groundball, 6MD)
Dave Dawson to second
Runner from 2nd tries for 3rd, SAFE, throw made to third
Batting: RHB Manny Sánchez 0-0: Foul Ball, location: 2F
0-1: Ball
1-1: Called Strike
1-2: SINGLE (Line Drive, 56)
Dave Dawson scores
Todd Rogers to second
Batting: RHB Juan Jiménez 0-0: Called Strike
0-1: Foul Ball, location: 2F
0-2: Ball
1-2: Foul Ball, location: 2F
1-2: Ball
2-2: Ball
3-2: Grounds into double play, 5-4-3 (Groundball, 56)
Bottom of the 8th over - 1 run(s), 3 hit(s), 0 error(s), 1 left on base; Topeka 0 - Birmingham 10
TOP OF THE 9TH
Topeka Tornados batting - Pitching for Birmingham Barons : RHP Jim Hicks
Batting: RHB Cho-yun Qiao 0-0: Swinging Strike
0-1: Ball
1-1: Called Strike
1-2: Strikes out swinging
Batting: LHB Aurelio Torrez 0-0: Ball
1-0: Ball
2-0: Called Strike
2-1: Foul Ball, location: 2F
2-2: Ball
3-2: Strikes out swinging
Batting: RHB Matt Perkins 0-0: Ball
1-0: Called Strike
1-1: Ball
2-1: Ball
3-1: Foul Ball, location: 2F
3-2: Foul Ball, location: 2F
3-2: Foul Ball, location: 2F
3-2: Base on Balls
Batting: LHB Pedro Cruz 0-0: Foul Ball, location: 2F
0-1: Fly out, F7 (Flyball, 78S)
Top of the 9th over - 0 run(s), 0 hit(s), 0 error(s), 1 left on base; Topeka 0 - Birmingham 10
Monday, December 5th, 2016 - OOTP Baseball 17.12 Build 75